 Dungeon Crawl Stone Soup version 0.26.0-10-g1f06aea511 (webtiles) character file.

Game seed: 16934549321513095524

835 Borgoz the Slasher (level 7, -7/59 HPs)
             Began as a Ghoul Gladiator on Jan 14, 2021.
             Mangled by Pikel
             ... wielding a +2 whip of electrocution
              (14 damage)
             ... on level 4 of the Dungeon.
             The game lasted 00:04:54 (3873 turns).

Borgoz the Slasher (Ghoul Gladiator)                Turns: 3873, Time: 00:04:54

Health: -7/59      AC:  7    Str: 18    XL:     7   Next: 99%
Magic:  6/6        EV: 13    Int:  3    God:
Gold:   208        SH:  0    Dex: 12    Spells: 6/6 levels left

rFire    . . .     SeeInvis .   a - +0 long sword
rCold    + . .     Faith    .   (no shield)
rNeg     + + +     Spirit   .   i - +2 leather armour {Will+}
rPois    ∞         Reflect  .   c - +0 helmet
rElec    .         Harm     .   (no cloak)
rCorr    .         Rampage  .   k - +0 pair of gloves
Will     +....                  (no boots)
Stlth    +.........             (no amulet)
HPRegen  0.00/turn              (no ring)
MPRegen  0.10/turn              (no ring)

@: mighty
A: claws 1, cold resistance 1, negative energy resistance 3, inhibited
regeneration, torment resistance, unbreathing
a: no special abilities


You were on level 4 of the Dungeon.
You visited 1 branch of the dungeon, and saw 5 of its levels.

You collected 208 gold pieces.

Inventory:

Hand Weapons
 a - a +0 long sword (weapon)
Missiles
 d - 2 throwing nets (quivered)
Armour
 c - a +0 helmet (worn)
 i - a +2 leather armour of willpower (worn)
 k - a +0 pair of gloves (worn)
Scrolls
 f - 3 scrolls of remove curse
 h - 2 scrolls of teleportation
Potions
 b - a potion of brilliance {unknown}
 g - a potion of magic {unknown}
 j - a potion of heal wounds {unknown}


   Skills:
 + Level 4.2 Fighting
 * Level 5.2 Long Blades
 - Level 1.7 Throwing
 * Level 4.3 Armour
 + Level 4.2 Dodging


You had 6 spell levels left.
You didn't know any spells.
Your spell library was empty.

Dungeon Overview and Level Annotations

Branches:
Dungeon (5/15)
 Temple: D:4-7

Altars:
Cheibriados
Elyvilon
Qazlal
Trog
Uskayaw
Wu Jian
The Shining One

Annotations:
D:4 Pikel


Innate Abilities, Weirdness & Mutations

You thrive by killing the living.
You are immune to poison.
You have sharp fingernails.
Your flesh is cold resistant. (rC+)
You are immune to negative energy. (rN+++)
You do not regenerate when monsters are visible.
You are immune to unholy pain and torment.
You can survive without breathing.


Message History

You hit Pikel but do no damage.
Pikel is moderately wounded.
Pikel misses you.
It was a potion of might.
You feel very mighty all of a sudden. Pikel closely misses you.
You riposte.
You closely miss Pikel.
Pikel is moderately wounded.
You closely miss Pikel.
Pikel is moderately wounded.
Pikel hits you with a +2 whip of electrocution.
* * * LOW HITPOINT WARNING * * *
You slash Pikel!
Pikel is heavily wounded.
Pikel closely misses you.
You barely miss Pikel.
Pikel is heavily wounded.
Pikel hits you with a +2 whip of electrocution!
* * * LOW HITPOINT WARNING * * *
You are electrocuted!
You die...

#.......# #.......#
##########.......######
#.....................#
##.....................#
................5......#
#..............#5#.....#
##+###########+#K##.##.#
......# #.......@...##.#
......# #........#####.#
......# #........# #.#
.....## #........# #.#
.....## #........# #.###
......# #........# #...#
....#.###........# ###.#
....#..##...##.###
####.# ....##.#######.#
#....#


You could see Pikel and 2 lemures.

Vanquished Creatures
  An ice beast (D:5)
  2 phantoms (D:4)
  2 ogres (D:4)
  3 howler monkeys
  3 hounds
  A worker ant (D:4)
  6 adders
  An ooze (D:4)
  5 worms
  An adder skeleton (D:4)
  5 dart slugs
  A leopard gecko (D:2)
  7 orcs
  3 giant cockroaches
  6 goblins
  15 hobgoblins
  2 quokkas (D:4)
  3 ball pythons
  4 bats
  3 frilled lizards
  9 kobolds
  A leopard gecko zombie (D:5)
  4 rats
88 creatures vanquished.

Vanquished Creatures (others)
  A wizard (D:3)
1 creature vanquished.

Grand Total: 89 creatures vanquished

Notes
Turn   | Place    | Note
-------+----------+-------------------------------------------
     0 | D:1      | Borgoz the Ghoul Gladiator began the quest for the Orb.
     0 | D:1      | Reached XP level 1. HP: 17/17 MP: 0/0
   347 | D:1      | Reached XP level 2. HP: 24/24 MP: 1/1
   435 | D:1      | Reached skill level 3 in Long Blades
   474 | D:1      | Reached skill level 1 in Armour
   694 | D:1      | Reached XP level 3. HP: 30/30 MP: 2/2
  1139 | D:2      | Found a glowing golden altar of the Shining One.
  1142 | D:2      | Found a hide-covered altar of Uskayaw.
  1216 | D:2      | Reached XP level 4. HP: 32/37 MP: 3/3
  1624 | D:3      | Reached XP level 5. HP: 21/45 MP: 4/4
  1750 | D:3      | Found a bloodstained altar of Trog.
  1751 | D:3      | Noticed a wizard
  1757 | D:3      | Killed a wizard
  1943 | D:3      | Found a faded altar of an unknown god.
  2096 | D:2      | Found a white marble altar of Elyvilon.
  2096 | D:2      | Found an ornate altar of the Wu Jian Council.
  2096 | D:2      | Found a snail-covered altar of Cheibriados.
  2284 | D:3      | Found a stormy altar of Qazlal.
  2407 | D:4      | Noticed an ogre
  2417 | D:4      | Killed an ogre
  2418 | D:4      | Reached skill level 4 in Long Blades
  2418 | D:4      | Reached XP level 6. HP: 51/51 MP: 5/5
  2569 | D:4      | Noticed a phantom
  2617 | D:4      | Killed a phantom
  2958 | D:4      | Reached XP level 7. HP: 58/58 MP: 6/6
  3415 | D:5      | Entered Level 5 of the Dungeon
  3525 | D:5      | Reached skill level 5 in Long Blades
  3566 | D:5      | Noticed Pikel
  3873 | D:4      | Mangled by Pikel

Illustrated notes

Levels and vault maps discovered:
D:1:      shiori_arrival_oz, layout_basic
D:2:      layout_rooms, nicolae_overflow_hidden_temple
D:3:      layout_loops_cross, general_overflow_altar,
          chequers_ecumenical_altar_simple, trog_wizard
D:4:      layout_basic
D:5:      layout_rooms, nicolae_overflow_crystal_walls,
          minmay_temple_entry_butterflies, kennysheep_doodads, minmay_puff,
          uniq_pikel

Skill      XL: |  1  2  3  4  5  6  7 |
---------------+----------------------+-----
Long Blades    | 3 4 5 |  5.2
Armour         | 1 2 3 4 |  4.3
Dodging        | 3 4 |  4.2
Fighting       | 3 4 |  4.2
Throwing       | |  1.7

Action                   |  1- 3 |  4- 6 |  7- 9 || total
-------------------------+-------+-------+-------++-------
Melee: Long sword        |   104 |   164 |    80 ||   348
Throw: Throwing net      |       |       |     1 ||     1
  Use: Scroll            |       |     3 |     3 ||     6
       Potion            |       |     1 |     3 ||     4
Armor: Leather armour    |    26 |    57 |    19 ||   102
Dodge: Dodged            |    91 |   127 |    74 ||   292
       Rpst.: Long sword |    21 |    47 |    23 ||    91
